 Dungeon Crawl Stone Soup version 0.29.1-14-g9c671dbff4 (webtiles) character file.

Game seed: 7274412489325881612

1047 Hrothgar the Ruffian (level 8, -2/75 HPs)
             Began as a Troll Chaos Knight on Feb 14, 2023.
             Was an Initiate of Nemelex Xobeh.
             Slain by an ogre
             ... wielding a +0 giant club
              (18 damage)
             ... on level 5 of the Dungeon.
             The game lasted 00:09:25 (2012 turns).

Hrothgar the Ruffian (Troll Chaos Knight)           Turns: 2012, Time: 00:09:26

Health: -2/75      AC:  6    Str: 21    XL:     8   Next: 5%
Magic:  9/9        EV: 10    Int: 10    God:    Nemelex Xobeh [......]
Gold:   208        SH:  0    Dex:  9    Spells: 9/9 levels left

rFire   . . .      SeeInvis .   k - +3 lajatang
rCold   . . .      Faith    .   (shield currently unavailable)
rNeg    . . .      Spirit   .   a - +2 robe
rPois   .          Reflect  .   (helmet restricted)
rElec   .          Harm     .   (no cloak)
rCorr   .          Rampage  .   (gloves unavailable)
Will    .....                   (boots unavailable)
Stlth   +.........              (no amulet)
HPRegen 1.02/turn               (no ring)
MPRegen 0.11/turn               (no ring)

@: no status effects
A: large, unfitting armour, claws 3, regeneration 1, shaggy fur 1, tough skin 1
a: Renounce Religion, Draw Escape, Draw Destruction, Draw Summoning


You were on level 5 of the Dungeon.
You worshipped Nemelex Xobeh.
Nemelex Xobeh was noncommittal.
You visited 2 branches of the dungeon, and saw 6 of its levels.

You collected 208 gold pieces.

Inventory:

Hand Weapons
 k - a +3 lajatang (weapon)
Armour
 a - a +2 robe (worn)
Jewellery
 i - an amulet of magic regeneration
Scrolls
 h - a scroll of fog
 l - a scroll of poison {unknown}
Potions
 c - a potion of might {unknown}
 d - a potion of berserk rage
 e - 3 potions of curing
 f - a potion of attraction {unknown}
 g - 2 potions of heal wounds {unknown}
 j - 4 potions of brilliance {unknown}
 m - 2 potions of flight {unknown}
Miscellaneous
 b - a piece from Xom's chessboard (14/15) (quivered)


   Skills:
 * Level 3.5 Fighting
 * Level 1.6 Staves
 * Level 2.0 Armour
 * Level 3.7 Dodging
 * Level 1.5 Stealth
 * Level 5.8 Unarmed Combat
 * Level 1.4 Spellcasting
 * Level 1.6 Evocations


You had 9 spell levels left.
You didn't know any spells.
Your spell library contained the following spells:

 Spells                   Type           Power      Damage    Failure   Level
 Call Canine Familiar     Summ           0%         N/A       69%         3
 Portal Projectile        Hex/Tloc       0%         N/A       69%         3
 Leda's Liquefaction      Hex/Erth       0%         N/A       97%         4


Dungeon Overview and Level Annotations

Branches:
Dungeon (5/15)             Temple (1/1) D:5

Altars:
Cheibriados
Dithmenos
Elyvilon
Fedhas
Gozag
Kikubaaqudgha
Makhleb
Nemelex Xobeh
Okawaru
Qazlal
Uskayaw
Vehumet
Wu Jian
Xom
Yredelemnul
The Shining One

Shops:
D:1 (

Annotations:
D:3 3 runed translucent doors


Innate Abilities, Weirdness & Mutations

You are too large for most types of armour.
You have claws for hands.
Your natural rate of healing is unusually fast.
You are covered in fur. (AC +1)
You have tough skin. (AC +1)


Message History

Nemelex Xobeh welcomes you!
You can now draw from decks of power.
There is an ornate altar of the Wu Jian Council here.
There is a shadowy altar of Dithmenos here.
There is a staircase back to the Dungeon here.
You climb upwards.
Welcome back to the Dungeon!
There is a staircase to the Ecumenical Temple here.
An ogre comes into view. It is wielding a +0 giant club.
The ogre shouts!
The ogre closely misses you.
Non-targeted evoke: piece from Xom's chessboard (15/15)
Press: ? - help, Q - select action, (/) - cycle Dir - look around, f - activate Look: an ogre, wielding a +0 giant club You make a move on Xom's chessboard...
The ogre seems to speed up.
The ogre closely misses you.
You barely miss the ogre.
The ogre hits you with a +0 giant club!!
The ogre hits you with a +0 giant club!
You barely miss the ogre. The ogre closely misses you.
You closely miss the ogre. The ogre closely misses you.
You slash the ogre!
The ogre is heavily wounded.
The ogre barely misses you. x2
You barely miss the ogre.
The ogre is heavily wounded.
The ogre hits you with a +0 giant club!
You barely miss the ogre.
The ogre is heavily wounded.
The ogre hits you with a +0 giant club!
You hit the ogre.
The ogre is heavily wounded.
The ogre hits you with a +0 giant club!!
* * * LOW HITPOINT WARNING * * *
The ogre closely misses you.
It was a potion of curing.
You feel better. The ogre closely misses you.
Found a scale mail.
The ogre attacks as you move away!
The ogre hits you with a +0 giant club!!
You die...
Your body disappears without a glow.

#....#...#....#
#....#...#....#
#....#...#....#
#....#...#....#
####...<#...#....#
#.......#...#....#
#.##....#...#....#
###.#..#..#...#....+
##..@...#......#....#
#..#O.#.#.#....#....#
#[#....###.....#....#
#...#...#...#..#....#
#....#.....#...)....#
#..#####.>.#####.....#
##. #.....#........# #
.#...#...#..#....#
#....###.....######


You could see an ogre (fast).

Vanquished Creatures
  Pikel (D:4)
  The ghost of leafyfresh the Covert, an amateur GnDe of Xom (D:3)
  Edmund (D:4)
  A necrophage (D:5)
  A jelly (D:5)
  A hound (D:4)
  3 adders
  2 ufetubi (D:5)
  8 orcs
  6 bats
  An endoplasm (D:2)
  A goblin (D:1)
  2 hobgoblins
  4 kobolds
  5 quokkas
  4 ball pythons
  3 frilled lizards
  2 rats
47 creatures vanquished.

Vanquished Creatures (collateral kills)
  A hound (D:4)
  An iguana (D:4)
  An orc (D:4)
  2 hobgoblins (D:4)
  A kobold (D:4)
6 creatures vanquished.

Grand Total: 53 creatures vanquished

Notes
Turn   | Place    | Note
-------+----------+-------------------------------------------
     0 | D:1      | Hrothgar the Troll Chaos Knight began the quest for the
                  | Orb.
     0 | D:1      | Reached XP level 1. HP: 22/22 MP: 0/0
   103 | D:1      | Found Qafem's Antique Weapon Boutique.
   177 | D:1      | XOM: silly message
   321 | D:1      | XOM: silly message
   375 | D:1      | Reached XP level 2. HP: 27/29 MP: 1/1
   527 | D:2      | XOM: silly message
   584 | D:2      | Reached XP level 3. HP: 26/36 MP: 2/2
   690 | D:2      | XOM: divination: detect items
   973 | D:3      | Found a runed translucent gate.
   975 | D:3      | Found a runed translucent gate.
   976 | D:3      | Found a runed translucent gate.
   976 | D:3      | Noticed leafyfresh's ghost (amateur GnDe)
   978 | D:3      | Identified the +1 scale mail "Ycwifur" {rCorr}
   985 | D:3      | XOM: scenery: 3 doors open
   998 | D:3      | XOM: noise
  1010 | D:3      | XOM: summons friendly shadow imp
  1019 | D:3      | XOM: potion effect (brilliance)
  1022 | D:3      | XOM: potion effect (haste)
  1032 | D:3      | Killed leafyfresh's ghost
  1033 | D:3      | Reached skill level 1 in Armour
  1033 | D:3      | Reached skill level 4 in Unarmed Combat
  1033 | D:3      | Reached XP level 4. HP: 19/45 MP: 2/4
  1033 | D:3      | Reached XP level 5. HP: 22/53 MP: 2/5
  1036 | D:3      | XOM: smoke on damage
  1038 | D:3      | Reached XP level 6. HP: 23/61 MP: 2/6
  1301 | D:4      | XOM: summons friendly ufetubus
  1302 | D:4      | Noticed Pikel
  1310 | D:4      | Killed Pikel
  1311 | D:4      | Reached skill level 1 in Staves
  1311 | D:4      | Reached skill level 1 in Stealth
  1311 | D:4      | Reached skill level 5 in Unarmed Combat
  1311 | D:4      | Reached skill level 1 in Spellcasting
  1311 | D:4      | Reached skill level 1 in Evocations
  1311 | D:4      | Reached XP level 7. HP: 67/67 MP: 7/7
  1375 | D:4      | Noticed Edmund
  1382 | D:4      | Killed Edmund
  1458 | D:5      | Entered Level 5 of the Dungeon
  1541 | D:5      | Reached XP level 8. HP: 74/75 MP: 9/9
  1595 | D:5      | XOM: smoke on damage
  1652 | D:5      | Found a staircase to the Ecumenical Temple.
  1730 | Temple   | Entered the Ecumenical Temple
  1775 | Temple   | XOM: 2-stop teleportation journey
  1855 | Temple   | XOM: cloud trail
  1916 | Temple   | XOM: god gift: scroll labelled ANAUHO GETAS {god gift}
  1964 | Temple   | Fell from the grace of Xom
  1964 | Temple   | Became a worshipper of Nemelex Xobeh the Trickster
  2012 | D:5      | Slain by an ogre

Illustrated notes

Levels and vault maps discovered:
D:1:      giann_wishing_wells, layout_basic, serial_shops, nicolae_shop_crystal,
          shop_fountains, hellmonk_ecumenical_altar_dog_temple
D:2:      layout_loops_ring, serial_shops, shop, minmay_hexomino_u4
D:3:      layout_basic, biasface_ghost_orc_armoury, nicolae_titane
D:4:      layout_basic, uniq_edmund, uniq_pikel
D:5:      layout_gridville, minitemple, nicolae_ru_path_of_blood,
          minmay_temple_entry_arrows
Temple:   nicolae_temple_slightly_damp_pantheon

Skill      XL: |  1  2  3  4  5  6  7 |
---------------+----------------------+-----
Dodging        | 2 3 |  3.7
Fighting       | 3 |  3.5
Armour         | 1 2 |  2.0
Unarmed Combat | 4 5 |  5.8
Staves         | 1 |  1.6
Stealth        | 1 |  1.5
Spellcasting   | 1 |  1.4
Evocations     | 1 |  1.6

Action                   |  1- 3 |  4- 6 |  7- 9 || total
-------------------------+-------+-------+-------++-------
Melee: Unarmed           |   123 |    21 |       ||   144
       Punch             |     2 |       |       ||     2
       Lajatang          |       |    11 |    37 ||    48
Evoke: Piece from Xom's  |     5 |     1 |     3 ||     9
  Use: Scroll            |     2 |       |     1 ||     3
       Potion            |     1 |     1 |     1 ||     3
 Stab: Petrified         |       |     2 |     5 ||     7
       Sleeping          |       |     1 |       ||     1
Armor: Robe              |    68 |    11 |    19 ||    98
Dodge: Dodged            |    83 |    10 |    35 ||   128
